 Dungeon Crawl Stone Soup version 0.27-a0-1591-gc56fcc985a (webtiles) character file.

Game seed: 7779718485123110528

15977 Aviak the Grappler (level 11, 0/110 HPs)
             Began as a Demigod Transmuter on July 19, 2021.
             Slain by an elephant (5 damage)
             ... on level 2 of the Lair of Beasts.
             The game lasted 00:22:02 (15744 turns).

Aviak the Grappler (Demigod Transmuter)            Turns: 15744, Time: 00:22:03

Health: 0/110      AC:  8    Str: 19    XL:     11   Next: 75%
Magic:  25/25      EV: 12    Int: 19    God:
Gold:   579        SH:  0    Dex: 14    Spells: 8/23 levels left

rFire    x . .     SeeInvis .     - Unarmed
rCold    + + +     Faith    .   (shield currently unavailable)
rNeg     + . .     Spirit   .   (armour currently unavailable)
rPois    +         Reflect  .   (helmet currently unavailable)
rElec    .         Harm     .   (cloak currently unavailable)
rCorr    .         Rampage  .   (gloves currently unavailable)
Will     ++...                  (boots currently unavailable)
Stlth    +.........             m - amulet of magic regeneration
HPRegen  0.28/turn              o - ring of willpower
MPRegen  0.44/turn              y - ring of positive energy

@: ice-form
A: freezing attack, amphibious, boosted hp, large, high mp 1, forlorn, (cold
resistance 1), (sturdy frame 1), noise suppression
a: End Transformation


You were on level 2 of the Lair of Beasts.
You were a creature of crystalline ice.
You visited 2 branches of the dungeon, and saw 13 of its levels.

You collected 579 gold pieces.

Inventory:

Missiles
 b - 3 curare-tipped darts
Armour
 d - a +0 leather armour (melded)
 n - the +8 scale mail of Dim Light {*Corrode Dex+4}
   (You found it on level 2 of the Lair of Beasts)

   Dex:       It affects your dexterity (+4).
   *Corrode:  It may corrode you when you take damage.
 u - a +0 pair of boots (melded)
 z - a +0 kite shield
Jewellery
 m - an amulet of magic regeneration (around neck)
 o - a ring of willpower (left front paw)
 s - the ring of Roettokk {EV+4 Slay+3}
   (You found it on level 3 of the Lair of Beasts)

   [ring of evasion]

   EV:        It affects your evasion (+4).
   Slay:      It affects your accuracy & damage with ranged weapons and melee
   (+3).
 y - a ring of positive energy (right front paw)
Wands
 a - a wand of paralysis (9)
 v - a wand of flame (4)
 w - a wand of mindburst (10)
Scrolls
 e - 3 scrolls of magic mapping
 f - a scroll of brand weapon
 h - a scroll of amnesia
 i - 4 scrolls of identify
 k - a scroll of torment {!r}
 q - 2 scrolls of holy word
 r - a scroll of enchant weapon
 t - 6 scrolls of teleportation
 x - a scroll of blinking
 A - 2 scrolls of immolation
Potions
 c - a potion of magic {unknown}
 j - 2 potions of degeneration {!q!q}
 l - 2 potions of flight
 p - 2 potions of brilliance


   Skills:
 - Level 7.4 Fighting
 + Level 6.3 Dodging
 + Level 9.4 Unarmed Combat
 - Level 6.6 Spellcasting
 + Level 4.3 Necromancy
 - Level 7.0 Transmutations
 - Level 3.5 Ice Magic
 + Level 4.3 Earth Magic
 - Level 3.0 Poison Magic


You had 8 spell levels left.
You knew the following spells:

 Your Spells              Type           Power      Damage    Failure   Level
a - Beastly Appendage     Tmut           64%        N/A       1%          1
b - Wereblood             Tmut           32%        N/A       1%          2
c - Spider Form           Tmut/Pois      12%        N/A       4%          3
d - Ice Form              Ice/Tmut       26%        N/A       12%         4
e - Borgnjor's Vile Clut  Necr/Erth      11%        N/A       43%         5

Your spell library contained the following spells:

 Spells                   Type           Power      Damage    Failure   Level
 Shock                    Conj/Air       24%        1d4       11%         1
 Summon Small Mammal      Summ           24%        N/A       11%         1
 Blink                    Tloc           N/A        N/A       16%         2
 Animate Dead             Necr           11%        N/A       17%         4
 Call Canine Familiar     Summ           6%         N/A       32%         3
 Lesser Beckoning         Tloc           3%         N/A       32%         3
 Summon Guardian Golem    Hex/Summ       6%         N/A       32%         3
 Swiftness                Air            6%         N/A       32%         3
 Airstrike                Air            3%         N/A       71%         4
 Summon Lightning Spire   Summ/Air       6%         N/A       71%         4
 Death Channel            Necr           11%        N/A       95%         6
 Lightning Bolt           Conj/Air       3%         1d14      96%         5
 Manifold Assault         Tloc           6%         N/A       96%         5


Dungeon Overview and Level Annotations

Branches:
Dungeon (10/15)            Temple (0/1) D:7            Lair (3/6) D:8
  Swamp: Lair:2-4    Shoals: Lair:2-4     Snake: Lair:2-4    Spider: Lair:2-4
    Orc: D:9-12

Shops:
D:10 =

Annotations:
D:4 2 transporters, 1player's ghost, amateur VSCj
D:7 2 runed translucent doors, MovingMist's ghost, amateur GrFi
D:8 1 runed translucent door, qborf's ghost, novice DDFi


Innate Abilities, Weirdness & Mutations

You are a creature of crystalline ice.
You have a powerful freezing melee attack.
You are amphibious.
Your maximum health is increased.
Your armour is entirely melded.
You are incapable of wielding weapons or throwing items.
Your attributes grow dramatically as you level up.
You have an increased reservoir of magic. (+10% MP)
You shall have no god before yourself.
((Your flesh is cold resistant. (rC+)))
((Your movements are slightly less encumbered by armour. (ER -2)))
You passively dampen the noise of your surroundings.


Message History

Casting: Wereblood (safe; 1% risk of failure)
Confirm with . or Enter, or press ? or * to list all spells.
You turn into a creature of crystalline ice.
Your +0 pair of boots melds into your body.
Your +0 leather armour melds into your body.
You howl as the wereblood boils in your veins!
The elephant tramples you.
You stumble backwards!
Your primal bloodlust has ended.
You punch the elephant! You freeze the elephant.
The elephant is heavily wounded.
The elephant tramples you.
You stumble backwards!
You hit the elephant. You freeze the elephant.
The elephant is heavily wounded.
The elephant tramples you.
* * * LOW HITPOINT WARNING * * *
You stumble backwards!
Unknown command.
You punch the elephant! You freeze the elephant.
The elephant is severely wounded.
The elephant tramples you.
* * * LOW HITPOINT WARNING * * *
You stumble backwards!
Unknown command.
There is a stone staircase leading up here.
The elephant tramples you!
* * * LOW HITPOINT WARNING * * *
You hold your ground!
The elephant barely misses you.
You climb upwards.
There is a stone staircase leading down here.
You punch the elephant! You freeze the elephant.
The elephant is almost dead.
The elephant tramples you!
* * * LOW HITPOINT WARNING * * *
You stumble backwards!
Okay, then.
As you read the scroll of fear, it crumbles to dust.
You assume a fearsome visage.
The elephant resists with almost no effort.
The fungus is unaffected.
The plant is unaffected.
The elephant tramples you.
You die...

### #..........## ##...........#
## ##...........###...........#.
.####P.........>#..##..........P.
.......................#.#.......
.......................รท###......
........................#.P....##
.................>.............##
............#...Y#.#...........#
...........#..#.Y..#...........##
.................P##...####....##
...)....................##.......
.................................
..##..#.##.##..#.................
.#############.#####.............
.#..##.######P.##.PP.............
.................................
.................................


You could see an elephant.

Vanquished Creatures
  A boulder beetle (Lair:2)
  Sonja (Lair:2)
  Pikel (D:6)
  3 elephants (Lair:3)
  An unseen horror (D:7)
  3 komodo dragons
  3 cane toads (Lair:3)
  Grinder (D:6)
  10 blink frogs
  Sigmund (D:6)
  2 wyverns (Lair:3)
  5 basilisks
  A wraith (D:10)
  13 yaks
  A steam dragon (D:8)
  Menkaure (D:6)
  9 water moccasins
  3 orc warriors (D:8)
  2 sky beasts
  3 black bears
  An ogre (D:6)
  2 necrophages
  5 centaurs (D:8)
  4 wolves (Lair:3)
  2 phantoms
  4 kobold brigands
  Blork the orc (D:6)
  7 bullfrogs
  A scorpion (D:7)
  A water moccasin zombie (D:6)
  2 gnoll sergeants
  11 killer bees
  6 wights
  3 centaur zombies
  A jelly (D:6)
  4 orc priests (D:8)
  A bullfrog skeleton (D:4)
  4 hounds
  Jessica (D:3)
  4 iguanas
  A centaur skeleton (D:5)
  5 orc wizards
  A killer bee zombie (D:5)
  A howler monkey zombie (D:6)
  4 adders
  7 gnolls
  2 shadow imps (D:5)
  A white imp (D:3)
  An ufetubus (D:5)
  2 worms
  2 dart slugs
  15 orcs
  5 endoplasms
  A giant cockroach (D:4)
  A goblin (D:3)
  4 hobgoblins
  8 jackals
  22 kobolds
  5 quokkas
  2 ball pythons (D:4)
  A bat (D:3)
  2 frilled lizards
  6 rats
229 creatures vanquished.

Vanquished Creatures (collateral kills)
  A hydra (Lair:2)
  A komodo dragon (Lair:2)
2 creatures vanquished.

Vanquished Creatures (others)
  15 fungi
  15 plants
30 creatures vanquished.

Grand Total: 261 creatures vanquished

Notes
Turn   | Place    | Note
-------+----------+-------------------------------------------
     0 | D:1      | Aviak the Demigod Transmuter began the quest for the Orb.
     0 | D:1      | Reached XP level 1. HP: 15/15 MP: 5/5
    74 | D:1      | Reached skill level 1 in Fighting
   271 | D:1      | Reached XP level 2. HP: 19/23 MP: 5/7
  1228 | D:2      | Gained mutation: Your flesh is cold resistant. (rC+)
                  | [potion of mutation]
  1228 | D:2      | Gained mutation: You passively dampen the noise of your
                  | surroundings. [potion of mutation]
  1228 | D:2      | Gained mutation: Your movements are slightly less
                  | encumbered by armour. (ER -2) [potion of mutation]
  1239 | D:2      | Learned a level 2 spell: Wereblood
  1437 | D:2      | Reached XP level 3. HP: 21/29 MP: 6/8
  2633 | D:3      | Noticed Jessica
  2639 | D:3      | Killed Jessica
  2640 | D:3      | Reached XP level 4. HP: 37/37 MP: 7/9
  3286 | D:4      | Noticed 1player's ghost (amateur VSCj)
  3286 | D:4      | Found a transporter.
  3286 | D:4      | Found a transporter.
  3871 | D:4      | Noticed a phantom
  4042 | D:3      | Learned a level 3 spell: Spider Form
  4185 | D:4      | Killed a phantom
  4186 | D:4      | Reached skill level 3 in Unarmed Combat
  4186 | D:4      | Reached skill level 1 in Poison Magic
  4186 | D:4      | Reached XP level 5. HP: 35/45 MP: 10/10
  4376 | D:5      | Entered Level 5 of the Dungeon
  4398 | D:5      | Reached XP level 6. HP: 28/52 MP: 11/11
  5189 | D:5      | Reached skill level 4 in Unarmed Combat
  5618 | D:5      | Reached XP level 7. HP: 45/60 MP: 13/13
  5623 | D:5      | Learned a level 4 spell: Ice Form
  6285 | D:6      | Noticed Blork the orc
  6297 | D:6      | Killed Blork the orc
  6388 | D:6      | Noticed Menkaure
  6406 | D:6      | Killed Menkaure
  6407 | D:6      | Reached skill level 5 in Fighting
  6685 | D:6      | Noticed Pikel
  6699 | D:6      | Killed Pikel
  6700 | D:6      | Reached skill level 5 in Unarmed Combat
  6700 | D:6      | Reached XP level 8. HP: 39/70 MP: 14/16
  6859 | D:6      | Reached skill level 5 in Transmutations
  6919 | D:6      | Noticed Sigmund
  6961 | D:6      | Killed Sigmund
  7165 | D:6      | Noticed Grinder
  7180 | D:6      | Killed Grinder
  7181 | D:6      | Reached skill level 6 in Unarmed Combat
  7181 | D:6      | Reached XP level 9. HP: 64/75 MP: 10/18
  7644 | D:6      | Saw a vision of the Shoals and the Spider Nest.
  7644 | D:6      | Noticed a wolf spider
  7644 | D:6      | Noticed a sea snake
  7644 | D:6      | Noticed a wolf spider
  7644 | D:6      | Noticed a wolf spider
  7646 | D:6      | Noticed a merfolk siren
  8106 | D:7      | Found a staircase to the Ecumenical Temple.
  8230 | D:7      | Killed an unseen horror
  8231 | D:7      | Reached skill level 5 in Spellcasting
  8426 | D:7      | Found a large runed translucent door.
  8426 | D:7      | Found a large runed translucent door.
  8430 | D:7      | Noticed MovingMist's ghost (amateur GrFi)
  8529 | D:7      | You fall into a shaft and drop 3 floors!
  8529 | D:10     | Entered Level 10 of the Dungeon
  8530 | D:10     | Found Haorph Xaos's Jewellery Boutique.
  8994 | D:8      | Reached skill level 7 in Unarmed Combat
 10226 | D:8      | Learned a level 5 spell: Borgnjor's Vile Clutch
 10327 | D:8      | Reached XP level 10. HP: 73/86 MP: 22/22
 10707 | D:8      | Reached skill level 1 in Ice Magic
 11352 | D:8      | Found a staircase to the Lair.
 11726 | D:8      | Found a runed translucent door.
 11727 | D:8      | Noticed qborf's ghost (novice DDFi)
 11727 | D:8      | Noticed a +1 mace of chaos
 12144 | Lair:1   | Entered Level 1 of the Lair of Beasts
 12217 | D:9      | Noticed a two-headed ogre
 12301 | Lair:1   | Reached skill level 8 in Unarmed Combat
 12599 | Lair:1   | HP: 3/86 [something (18)]
 13460 | Lair:2   | Noticed a boulder beetle
 13479 | Lair:2   | Noticed a six-headed hydra
 13508 | Lair:2   | Reached skill level 1 in Necromancy
 13508 | Lair:2   | Reached skill level 1 in Earth Magic
 13518 | Lair:2   | Reached XP level 11. HP: 64/92 MP: 25/25
 13572 | Lair:2   | Killed a six-headed hydra
 13637 | Lair:2   | Reached skill level 5 in Dodging
 13796 | Lair:2   | Identified the +8 scale mail of Dim Light {*Corrode Dex+4}
 13802 | Lair:2   | Noticed Sonja
 13816 | Lair:2   | Killed Sonja
 13939 | Lair:2   | Killed a boulder beetle
 14693 | Lair:3   | Reached skill level 9 in Unarmed Combat
 14793 | Lair:3   | Identified the ring of Roettokk {EV+4 Slay+3}
 15743 | Lair:2   | HP: 5/110 [elephant (14)]
 15744 | Lair:2   | Slain by an elephant

Illustrated notes

Levels and vault maps discovered:
D:1:      sevenhm_arrival_forest_fort_large_1, layout_basic,
          hellmonk_ecumenical_altar_pennies_from_heaven, columned_hall_lemuel
D:2:      layout_rooms
D:3:      layout_loops_cross, mainiacjoe_overflow_paths,
          kennysheep_generic_room_13, uniq_jessica
D:4:      layout_cave_pools, gammafunk_ghost_arena
D:5:      layout_cave_pools, kiku_gazebo_garden_becter, serial_co_window_serial,
          co_window_paths_b, co_window_corner_a, co_window_corner_a,
          co_window_of_opportunity_a, co_window_corner_a,
          co_window_unsneaky_path_a, co_window_2corner, co_window_broadway_b,
          co_window_of_opportunity_b, co_window_corner_b, co_window_broadway_b,
          glass_columns_c, glass_columns_a, glass_columns_b, glass_columns_a,
          glass_columns_a, dk_noncrumbling_4
D:6:      layout_loops_cross, grunt_ashenzari_visionary
          [grunt_ashenzari_visionary_shoals, grunt_ashenzari_visionary_spider],
          fedhas_altar_3, lemuel_tele_altar, st_stairs_13,
          kennysheep_generic_room_16, uniq_menkaure, uniq_pikel, uniq_grinder,
          uniq_sigmund, uniq_blork_the_orc
D:7:      layout_basic, temple_pool_b, ebering_ghost_disaster_area,
          minmay_misc_feat_rugged
D:8:      layout_loops_ring, mainiacjoe_overflow_alcove_2, erik_lair_dragon,
          ebering_ghost_xom, minmay_fractal_squares_diagonal_5
D:9:      layout_small_grid, marbit_many_paths, nicolae_shop_overcharged_wands
D:10:     layout_basic, serial_shops, shop, shop, nicolae_shop_trees,
          uniq_josephine
Lair:1:   layout_loops_ring
Lair:2:   layout_small_grid, uniq_sonja
Lair:3:   layout_long_grid, beast_lair_carwin_7

Skill      XL: |  1  2  3  4  5  6  7  8  9 10 11 |
---------------+----------------------------------+-----
Fighting       | 1 2 3 4 5 6 7 |  7.4
Dodging        | 2 4 6 |  6.3
Transmutations | 2 3 4 5 6 7 |  7.0
Spellcasting   | 2 3 4 5 6 |  6.6
Unarmed Combat | 3 4 5 6 7 8 9 |  9.4
Poison Magic   | 1 3 |  3.0
Ice Magic      | 3 |  3.5
Necromancy     | 1 4 |  4.3
Earth Magic    | 1 4 |  4.3

Action                   |  1- 3 |  4- 6 |  7- 9 | 10-12 || total
-------------------------+-------+-------+-------+-------++-------
Melee: Unarmed           |   114 |   168 |   231 |   303 ||   816
       Kick              |    22 |    22 |     1 |       ||    45
       Headbutt          |    13 |     9 |     1 |       ||    23
       Punch             |       |       |       |     1 ||     1
 Cast: Beastly Appendage |    18 |    11 |     1 |     1 ||    31
       Wereblood         |     2 |     5 |    10 |     7 ||    24
       Spider Form       |       |    10 |     5 |     3 ||    18
       Ice Form          |       |       |    21 |    26 ||    47
 Abil: End Transformatio |       |       |       |     1 ||     1
Evoke: Wand              |       |       |       |     8 ||     8
  Use: Potion            |     3 |     2 |     5 |     3 ||    13
       Scroll            |       |    10 |     5 |     7 ||    22
 Stab: Sleeping          |     1 |       |       |       ||     1
Armor: Robe              |     9 |       |       |       ||     9
       Leather armour    |     6 |    15 |     3 |     2 ||    26
       Skin              |       |     4 |    72 |    74 ||   150
Dodge: Dodged            |    58 |   115 |   182 |   173 ||   528

Table legend: (Time is in decaauts)
 A = Elapsed time spent in this place.
 B = Non-inter-level travel time spent in this place.
 C = Inter-level travel time spent in this place.
 D = Time resting spent in this place.
 E = Time spent auto-exploring this place.
 F = Levels seen in this place.
 G = Mean time per level.
                   A        B        C        D        E       F      G
               +--------+--------+--------+--------+--------+-----+--------+
         Total |  15685 |  15288 |    397 |   2701 |  10269 |  13 | 1206.5 |
       Dungeon |  12249 |  11882 |    367 |   1513 |   8739 |  10 | 1224.9 |
          Lair |   3435 |   3405 |     30 |   1188 |   1530 |   3 | 1145.0 |
               +--------+--------+--------+--------+--------+-----+--------+

Top non-repeatable levels by time:
     D:8: 2681 daAuts
  Lair:2: 1766 daAuts
     D:5: 1711 daAuts
     D:6: 1690 daAuts
     D:7: 1487 daAuts
     D:3: 1294 daAuts
     D:1: 1156 daAuts
  Lair:1: 1006 daAuts
     D:4: 962 daAuts
     D:2: 957 daAuts
  Lair:3: 662 daAuts
    D:10: 274 daAuts
     D:9: 34 daAuts
